 Dungeon Crawl Stone Soup version 0.16-a0-3533-gc382f62 (console) character file.

419210 MrRokkomies the Warrior (level 24, -18/148 (152) HPs)
             Began as a Kobold Arcane Marksman on Jan 3, 2015.
             Was the Champion of Makhleb.
             Demolished by a spectral iron troll (21 damage)
             ... called from beyond by a revenant
             ... on level 2 of the Crypt on Jan 8, 2015.
             The game lasted 07:45:56 (66863 turns).

MrRokkomies the Warrior (Kobold Arcane Marksman)   Turns: 66863, Time: 07:45:56

HP:   -18/148 (152) AC: 33    Str: 11 (13) XL:     24   Next: 82%
MP:   34/34         EV: 19    Int: 17      God:    Makhleb [******]
Gold: 3487          SH:  0    Dex: 17      Spells: 7 memorised, 15 levels left

rFire  + + .     SeeInvis +     a - +10 rapier of the Shallot {pierce, rElec rPois}
rCold  + . .     Clarity  .     B - +8 fire dragon armour
rNeg   + + .     SustAb   .     (no shield)
rPois  +         Gourm    .     k - +2 helmet
rElec  +         Spirit   .     Y - +2 cloak of the Illusory Places {+Blink rElec rC++}
rCorr  .         Warding  +     j - +2 pair of gloves {archery}
rMut   .         Stasis   .     p - +2 pair of boots
MR     ++...                    A - amulet of Xiawomio {Ward rN+ Slay+5}
Stlth  +++.......               I - ring of protection from magic
                                r - ring of positive energy

@: about to teleport, studying Stealth, drained, very resistant to hostile
enchantments, fairly stealthy
A: see invisible, carnivore 3, low mp 1, mutation resistance 1
a: Minor Destruction, Lesser Servant of Makhleb, Major Destruction, Greater
Servant of Makhleb, Renounce Religion, Evoke Blink
}: 2/15 runes: serpentine, barnacled


You were on level 2 of the Crypt.
You worshipped Makhleb.
Makhleb was exalted by your worship.
You were not hungry.

You visited 9 branches of the dungeon, and saw 47 of its levels.
You visited 1 bazaar.
You also visited: Bailey, Ice Cave and Wizlab.

You collected 6535 gold pieces.
You spent 3028 gold pieces at shops.

Inventory:

Hand weapons
 a - the +10 rapier of the Shallot (weapon) {pierce, rElec rPois}
   (You took it off a deep elf sorcerer on level 3 of the Elven Halls)

   It inflicts extra damage upon your enemies.
   It insulates you from electricity.
   It protects you from poison.
 b - a +9 arbalest of velocity
 S - a +6 double sword of draining
Missiles
 c - 580 bolts
 n - 80 bolts of frost
 z - 59 bolts of flame
 H - 13 silver bolts
 M - 44 bolts of penetration
Armour
 j - a +2 pair of gloves of archery (worn)
 k - a +2 helmet (worn)
 p - a +2 pair of boots (worn)
 B - a +8 fire dragon armour (worn)
 Y - the +2 cloak of the Illusory Places (worn) {+Blink rElec rC++}
   (You bought it in a shop on level 4 of the Orcish Mines)

   It greatly protects you from cold.
   It insulates you from electricity.
   It lets you blink.
Rods
 h - a +2 rod of ignition (13/13)
   (You took it off a deep elf death mage on level 3 of the Elven Halls)
 P - a +5 rod of shadows (2/10)
   (You acquired it on level 2 of the Shoals)
 T - a +9 iron rod (14/14)
   (You found it on level 8 of the Lair of Beasts)
Jewellery
 r - a ring of positive energy (left hand)
 u - the ring of Ufyme {rPois rF+ Str+3 Stlth-}
   (You found it on level 6 of the Dungeon)

   [ring of poison resistance]

   It affects your strength (+3).
   It protects you from fire.
   It protects you from poison.
   It makes you less stealthy.
 A - the amulet of Xiawomio (around neck) {Ward rN+ Slay+5}
   (You took it off a deep elf death mage on level 3 of the Elven Halls)

   [amulet of warding]

   It may prevent the melee attacks of summoned creatures.
   It affects your accuracy and damage with ranged weapons and melee attacks
   (+5).
   It protects you from negative energy.
 I - a ring of protection from magic (right hand)
 N - the amulet of the Four Winds {Clar rN+ MR+++}
   (You took it off a deep elf sorcerer on level 3 of the Elven Halls)

   [amulet of clarity]

   It provides mental clarity.
   It protects you from negative energy.
   It affects your resistance to hostile enchantments.
 R - a cursed ring of teleportation
Magical devices
 d - a wand of hasting (4)
 y - a wand of digging (6)
 J - a wand of heal wounds (4)
 K - a wand of disintegration (4)
 X - a wand of enslavement (8)
Scrolls
 i - 24 scrolls of remove curse
 t - 2 scrolls of immolation
 x - 15 scrolls of teleportation
 D - a scroll of recharging
 E - a scroll of enchant armour
 F - 5 scrolls of magic mapping
 Q - a scroll of fog
 U - 3 scrolls of fear
Potions
 e - 12 potions of curing
 g - 2 potions of might
 l - 6 potions of berserk rage
 o - 6 potions of magic
 v - a potion of cancellation
 w - 8 potions of haste
 L - 4 potions of agility
 V - a potion of resistance
 W - a potion of brilliance
Books
 G - a book of Geomancy

   Spells                             Type                      Level
   a - Sandblast                      Earth                        1
   b - Stoneskin                      Transmutation/Earth          2
   c - Passwall                       Transmutation/Earth          3
   d - Stone Arrow                    Conjuration/Earth            3
   e - Petrify                        Transmutation/Earth          4
   f - Lee's Rapid Deconstruction     Earth                        5
 O - a manual of Stealth
Miscellaneous
 m - 2 lamps of fire
 q - a disc of storms
 s - 2 phials of floods
 C - a lantern of shadows
Comestibles
 f - 17 meat rations


   Skills:
 * Level 15.7(15.6) Fighting
 - Level 10.0(17.4) Short Blades
 - Level 15.6(15.9) Long Blades
 - Level 15.0(14.9) Crossbows
 - Level 10.0(9.9) Armour
 - Level 15.0(14.9) Dodging
 - Level 10.0(9.9) Stealth
 * Level 8.9(8.8) Spellcasting
 - Level 11.6(11.5) Hexes
 - Level 12.0(11.9) Necromancy
 - Level 10.0(9.9) Translocations
 - Level 12.0(11.9) Invocations
 - Level 15.0(14.9) Evocations


You had 15 spell levels left.
You knew the following spells:

 Your Spells              Type           Power        Failure   Level  Hunger
a - Cigotuvi's Embrace    Necr           #####.....   12%         5    #####..
b - Gell's Gravitas       Hex/Tloc       #####.....   90%         6    ######.
c - Inner Flame           Hex/Fire       ####....     17%         3    None
d - Animate Skeleton      Necr           N/A          1%          1    None
e - Enslavement           Hex            #####...     4%          4    ###....
f - Cause Fear            Hex            #####.....   4%          4    ###....
g - Repel Missiles        Chrm/Air       #.....       78%         2    None


Dungeon Overview and Level Annotations

Branches:
Dungeon (15/15)            Temple (1/1) D:6            Lair (8/8) D:9
 Shoals (5/5) Lair:5        Snake (5/5) Lair:6        Slime (0/6) Lair:6
    Orc (4/4) D:12            Elf (3/3) Orc:4        Vaults (4/5) D:13
  Crypt (2/3) Vaults:2     Depths (0/5) D:15

Altars:
Ashenzari
Cheibriados
Dithmenos
Elyvilon
Fedhas
Gozag
Kikubaaqudgha
Makhleb
Nemelex Xobeh
Okawaru
Qazlal
Ru
Sif Muna
Trog
Vehumet
Xom
Yredelemnul
Zin
The Shining One
Jiyva

Shops:
D:7 (   D:10 ?   D:14 !   D:15 ?   Orc:2 :   Orc:4 =(*[   Elf:2 %   Shoals:4 (
Vaults:1 (%%   Vaults:2 :

Annotations:
D:4 runed door, Pikel, Sigmund
Elf:2 runed door
Elf:3 exclusion: Roxanne, Roxanne


Innate Abilities, Weirdness & Mutations

You are small and have problems with some larger weapons.
You are carnivorous and can eat meat at any time.
You have supernaturally acute eyesight.
Your magical capacity is low (-10% MP).
You are somewhat resistant to further mutation.


Message History

The spectral black mamba bites you but does no damage.
The revenant hits you but does no damage.
The spectral alligator snapping turtle bites you!
* * * LOW HITPOINT WARNING * * *
You partially resist.
You feel drained.
* * * LOW HITPOINT WARNING * * *
Read which item? (? for menu, Esc to quit)
As you read the scroll of teleportation, it crumbles to dust.
You feel strangely unstable.
You are engulfed in ghostly flame.
The spectral black mamba barely misses you. x2
The skeletal warrior hits you but does no damage.
The revenant barely misses you.
You puncture the revenant!
The revenant is heavily damaged.
The spectral black mamba bites you!
* * * LOW HITPOINT WARNING * * *
The spectral alligator snapping turtle bites you!!
* * * LOW HITPOINT WARNING * * *
The spectral iron troll bites you!!
You die...

#########################
...............ZZz§......
..............§L@Z..((..(
..........###'####§(.....
..........# ....(.
..........# .....
..........# V....
..........# ...
.>.......(# . ..........#
..........# ...........
..........


You could see a revenant, a skeletal warrior, a spectral black mamba, a spectral
alligator snapping turtle and a spectral iron troll.

Vanquished Creatures
  Khufu (Crypt:1)
  2 greater mummies (Crypt:1)
  Sojobo (Crypt:1)
  Mennas (Vaults:2)
  Jory (Crypt:2)
  Nikola (Shoals:3)
  A Cloud Mage (WizLab)
  3 deep elf blademasters
  2 deep elf master archers (Elf:3)
  3 sphinxes
  2 krakens
  2 ancient champions
  Agnes (Snake:3)
  2 tengu reavers (Crypt:1)
  The ghost of Tux the Imperceptible, a mighty SpEn of Dithmenos (Elf:3)
  Ilsuiw (Shoals:5)
  3 fire giants
  Donald (Shoals:2)
  Wiglaf (Shoals:2)
  6 greater nagas
  An orc warlord (Orc:4)
  11 vault wardens
  A curse skull (Crypt:1)
  7 deep elf sorcerers
  19 ghouls
  A reaper (Crypt:1)
  5 stone giants
  A very ugly thing (Vaults:4)
  13 ironheart preservers
  9 deep elf demonologists
  A vampire knight (Crypt:1)
  7 deep elf annihilators
  A caustic shrike zombie (Crypt:1)
  2 blizzard demons (IceCv)
  4 eidola
  5 merfolk javelineers
  Snorg (Lair:7)
  2 unborn
  6 merfolk impalers
  A great orb of eyes (Vaults:4)
  4 fire dragons
  A quicksilver dragon zombie (Crypt:1)
  10 deep elf death magi
  14 jiangshi
  5 deep elf high priests
  6 yaktaur captains
  A quicksilver dragon skeleton (Crypt:1)
  Harold (D:14)
  12 vault guards
  10 centaur warriors
  8 hydras
  Nessos (Shoals:2)
  10 anacondas
  An ice dragon (Vaults:3)
  17 naga warriors
  A deep troll earth mage (Vaults:2)
  3 merfolk avatars
  4 merfolk aquamancers (Shoals:5)
  6 ogre magi
  3 alligator snapping turtles
  14 dancing weapons (Elf:2)
  4 death knights
  A deep troll shaman (Vaults:2)
  16 naga sharpshooters
  2 tengu zombies (Crypt:1)
  4 shock serpents
  3 orc high priests (Orc:4)
  5 ice devils (IceCv)
  A titan skeleton (Crypt:1)
  4 vampire magi
  2 shadow wraiths
  22 deep elf knights
  11 deep trolls
  2 salamander mystics
  8 sea snakes
  A fire crab (Vaults:2)
  A spectral anaconda (Crypt:1)
  2 unseen horrors
  A giant orange brain (Vaults:4)
  A swamp dragon (shapeshifter) (Vaults:4)
  21 skeletal warriors
  A golden dragon zombie (Crypt:1)
  10 deep elf summoners
  13 naga ritualists
  An ice statue (IceCv)
  9 harpies
  An obsidian statue (Vaults:2)
  7 spiny frogs
  7 mana vipers
  3 necromancers
  14 ironbrand convokers
  8 orc sorcerers
  4 hill giants
  14 deep elf conjurers
  6 griffons
  4 wolf spiders
  A wolf spider zombie (D:14)
  27 ugly things
  11 orc knights
  A wizard (D:15)
  A stone giant zombie (Vaults:4)
  A hornet (Vaults:4)
  10 manticores
  16 slime creatures
  A frost giant zombie (Crypt:1)
  7 fauns
  A large abomination (Elf:1)
  3 salamanders
  An iron dragon skeleton (Crypt:1)
  A draconian (shapeshifter) (Vaults:4)
  4 phantasmal warriors
  5 cyclopes
  3 water nymphs
  A dire elephant zombie (Crypt:1)
  4 orange demons (Elf:3)
  A guardian serpent (Snake:5)
  9 elephants (Lair:8)
  5 sirens
  11 vault sentinels
  A guardian serpent (shapeshifter) (Elf:1)
  2 centaur zombies
  40 yaktaurs
  A shock serpent zombie (Crypt:2)
  33 black mambas
  24 naga magi
  Psyche (Orc:2)
  A kobold demonologist (Vaults:1)
  A komodo dragon (shapeshifter) (D:15)
  4 fire drakes
  6 anaconda simulacra (IceCv)
  An efreet (D:13)
  A demonic crawler (Elf:2)
  A golden dragon simulacrum (IceCv)
  11 deep elf priests
  5 trolls
  A ghoul skeleton (Crypt:1)
  2 hellwings (Elf:3)
  11 komodo dragons
  7 freezing wraiths
  2 blue devils (IceCv)
  2 polar bears
  Sonja (D:14)
  22 merfolk
  19 two-headed ogres
  A baby alligator (shapeshifter) (Vaults:2)
  A raven (shapeshifter) (Vaults:1)
  7 snapping turtles
  A silent spectre (Crypt:2)
  6 wind drakes
  A bog body (Crypt:1)
  5 boulder beetles
  2 ettin zombies
  A stone giant simulacrum (Vaults:3)
  37 air elementals
  A trapdoor spider (D:12)
  An ice dragon skeleton (Crypt:2)
  2 basilisks
  3 flying skulls (Crypt:1)
  3 shadows
  28 blink frogs
  A jumping spider zombie (Crypt:1)
  A vampire (Crypt:2)
  4 water elementals
  A tarantella (Elf:2)
  11 redbacks
  2 dire elephant simulacra (IceCv)
  20 vampire mosquitoes
  A hog (Elf:1)
  40 yaks
  Eustachio (D:4)
  15 hippogriffs
  4 wraiths
  28 deep elf magi
  A spriggan (Lair:7)
  7 hungry ghosts
  2 steam dragons
  A yaktaur simulacrum (Vaults:4)
  2 death yak simulacra (IceCv)
  2 insubstantial wisps (WizLab)
  2 harpy simulacra (IceCv)
  Edmund (D:6)
  2 human zombies
  Menkaure (D:4)
  41 deep elf fighters
  3 hydra simulacra (IceCv)
  48 nagas
  A soldier ant (shapeshifter) (Vaults:1)
  An infernal demonspawn skeleton (Crypt:2)
  2 mottled dragons
  5 wargs
  31 water moccasins
  13 wolves
  4 iron troll simulacra (IceCv)
  10 porcupines
  4 ice beasts
  A torturous demonspawn skeleton (Crypt:2)
  A gelid demonspawn skeleton (Crypt:2)
  2 ettin simulacra
  34 orc warriors
  4 phantoms
  26 ogres
  A swamp dragon zombie (Crypt:1)
  A swamp drake (shapeshifter) (Vaults:2)
  2 black bears
  2 black bears (shapeshifter)
  9 sky beasts
  9 necrophages
  A wasp (D:12)
  16 centaurs
  3 lost souls
  Duvessa (Orc:1)
  24 giant frogs
  A gnoll sergeant (D:12)
  18 crocodiles
  5 big kobolds
  2 naga skeletons
  A wyvern zombie (D:11)
  A cyclops zombie (Crypt:1)
  A wyvern skeleton (D:6)
  8 scorpions
  A troll zombie (D:12)
  A warg zombie (Orc:3)
  A water moccasin skeleton (Crypt:2)
  22 wights
  20 killer bees
  The ghost of Grim the Insei, a weakling DgTm (D:3)
  3 quasits
  A human simulacrum (Vaults:3)
  7 jellies
  2 draconian simulacra (IceCv)
  Dowan (Orc:1)
  16 crimson imps
  A gnoll shaman (D:5)
  6 centaur skeletons
  Crazy Yiuf (D:7)
  27 orc priests
  2 giant frog skeletons
  24 orc wizards
  4 elf skeletons (Elf:2)
  10 iguanas
  14 hounds
  4 troll simulacra (IceCv)
  13 hell rats
  8 worker ants
  A porcupine zombie (Crypt:2)
  A spriggan simulacrum (IceCv)
  5 ogre zombies
  12 sheep
  Ijyb (D:2)
  3 centaur simulacra (IceCv)
  2 worker ant zombies
  2 mummies
  Robin (D:4)
  2 naga simulacra (IceCv)
  18 gnolls
  An ogre simulacrum (IceCv)
  67 river rats
  16 adders
  5 shadow imps
  7 white imps
  4 worms
  11 ufetubi
  An adder skeleton (D:6)
  An adder zombie (D:5)
  A sheep skeleton (Crypt:1)
  6 oozes
  149 orcs
  2 ball pythons
  A bat skeleton (Crypt:1)
  3 giant cockroaches
  2 gnoll zombies (D:6)
  21 hobgoblins
  4 jackals (D:4)
  61 kobolds
  14 bats
  3 giant geckos
  5 giant newts
  31 goblins
  A goblin skeleton (D:12)
  2 goblin zombies (D:12)
  A hobgoblin skeleton (D:12)
  A hobgoblin zombie (D:12)
  3 orc skeletons (D:12)
  17 orc zombies
  8 quokkas
  A quokka skeleton (D:8)
  20 rats
  2 ballistomycetes (D:12)
  A crawling corpse (Elf:1)
  4 fungi
  3 plants
  2 tentacles (Shoals:4)
2112 creatures vanquished.

Vanquished Creatures (collateral kills)
  Vashnia (Snake:2)
  Asterion (Elf:1)
  Rupert (Shoals:5)
  Kirke (Elf:1)
  A stone giant (Vaults:4)
  2 ironheart preservers (Vaults:2)
  A fire dragon (Vaults:4)
  A jiangshi (Crypt:1)
  A vault guard (D:13)
  An ogre mage (Vaults:2)
  2 naga warriors
  A merfolk avatar (Shoals:5)
  A centaur warrior (Vaults:1)
  2 deep troll earth magi (Vaults:2)
  2 anacondas (Snake:4)
  A shock serpent (Snake:2)
  6 naga sharpshooters
  A salamander mystic (Snake:4)
  3 skeletal warriors
  2 deep elf knights (Elf:1)
  A sea snake (Shoals:5)
  A shadow wraith (Vaults:2)
  A naga ritualist (Snake:4)
  2 deep trolls (Vaults:2)
  2 harpies (Vaults:4)
  2 orc knights
  A deep elf conjurer (Elf:1)
  An ugly thing (D:12)
  4 salamanders
  A mana viper (Snake:4)
  3 small abominations (Elf:1)
  2 sirens
  11 black mambas
  A centaur zombie (D:13)
  A spiny frog (Lair:1)
  An orange demon (Elf:3)
  6 naga magi
  2 komodo dragons (Lair:8)
  A troll (D:12)
  6 merfolk
  2 two-headed ogres
  A wind drake (Shoals:1)
  A basilisk (Lair:8)
  A redback (shapeshifter) (Vaults:2)
  A jumping spider (Elf:1)
  2 tarantellas (Elf:2)
  4 water elementals (Shoals:5)
  5 air elementals (WizLab)
  2 redbacks (Elf:1)
  A hippogriff (Shoals:2)
  A yak (Lair:1)
  A wolf (Lair:4)
  5 hogs (Elf:1)
  A deep elf fighter (Shoals:3)
  A steam dragon (Lair:8)
  4 vampire mosquitoes
  7 nagas
  An orc warrior (Orc:2)
  2 swamp drakes (Lair:8)
  A water moccasin (Snake:2)
  A sky beast (D:10)
  2 ogres
  A centaur (D:15)
  3 crocodiles
  A yaktaur simulacrum (Vaults:1)
  An orc priest (Orc:1)
  2 orc wizards
  A hell rat (Elf:2)
  An ogre zombie (D:12)
  18 orcs
157 creatures vanquished.

Vanquished Creatures (others)
  A centaur warrior (Vaults:1)
  A fire crab (Shoals:3)
  A skeletal warrior (Vaults:1)
  A hill giant (Vaults:2)
  4 anaconda skeletons
  A griffon (Shoals:4)
  A salamander (shapeshifter) (Crypt:2)
  An ugly thing (Vaults:2)
  A centaur zombie (D:13)
  A sphinx skeleton (Vaults:1)
  2 drowned souls (Shoals:5)
  3 fire elementals (Crypt:1)
  A centaur skeleton (Vaults:1)
  A rust devil (D:15)
  4 water elementals (Crypt:1)
  A minotaur skeleton (Elf:1)
  An orc warrior (Orc:4)
  A queen bee (shapeshifter) (Crypt:2)
  A red devil (Elf:1)
  4 human skeletons
  A jumping spider (Shoals:5)
  A ghoul skeleton (Crypt:1)
  A sea snake skeleton (Shoals:5)
  A basilisk (Lair:8)
  2 shadows
  2 fire dragon skeletons
  A griffon skeleton (Vaults:4)
  3 redbacks (Shoals:5)
  A yak (Lair:2)
  A black mamba skeleton (Snake:4)
  2 hill giant skeletons (D:15)
  A warg (Orc:4)
  2 deep elf fighters
  A spiny frog skeleton (Lair:8)
  2 blink frog skeletons (Lair:8)
  A snapping turtle skeleton (Shoals:4)
  An elephant skeleton (Lair:8)
  7 merfolk skeletons
  A centaur (Vaults:1)
  3 lost souls (Elf:3)
  3 yaktaur skeletons
  2 salamander skeletons (Snake:4)
  2 orc wizards
  2 cyclops skeletons
  2 water moccasin skeletons (Lair:8)
  2 hippogriff skeletons
  10 yak skeletons
  3 two-headed ogre skeletons
  8 elf skeletons
  A basilisk skeleton (Lair:8)
  A sheep (Lair:6)
  3 crocodile skeletons
  An ogre skeleton (Orc:4)
  21 naga skeletons
  An ufetubus (Elf:3)
  An iguana skeleton (Lair:8)
  An orc (Elf:1)
  A giant spore (D:12)
  26 orc skeletons
  11 fungi
  5 plants
  23 tentacles
  135 tentacle segments
332 creatures vanquished.

Grand Total: 2601 creatures vanquished

Notes
Turn   | Place    | Note
--------------------------------------------------------------
     0 | D:1      | MrRokkomies, the Kobold Arcane Marksman, began the quest for the Orb.
     0 | D:1      | Reached XP level 1. HP: 12/12 MP: 2/2
   183 | D:1      | Reached XP level 2. HP: 16/16 MP: 3/3
   187 | D:1      | Learned a level 2 spell: Slow
  1063 | D:2      | Noticed Ijyb
  1065 | D:2      | Reached XP level 3. HP: 20/20 MP: 4/4
  1071 | D:2      | Killed Ijyb
  1531 | D:2      | Reached XP level 4. HP: 22/25 MP: 5/5
  1704 | D:2      | Reached skill level 4 in Hexes
  2059 | D:3      | Noticed Grim's ghost (weakling DgTm)
  2064 | D:3      | Killed Grim's ghost
  2064 | D:3      | Reached XP level 5. HP: 19/29 MP: 5/7
  2779 | D:3      | Reached skill level 5 in Crossbows
  3157 | D:3      | Noticed a big kobold
  3157 | D:3      | Noticed a big kobold
  3183 | D:3      | Killed a big kobold
  3183 | D:3      | Reached XP level 6. HP: 21/34 MP: 8/8
  3202 | D:3      | Killed a big kobold
  3343 | D:3      | Noticed a big kobold
  3387 | D:3      | Killed a big kobold
  3387 | D:3      | Reached skill level 6 in Crossbows
  3387 | D:3      | Reached XP level 7. HP: 19/38 MP: 5/9
  3423 | D:3      | Noticed a big kobold
  3439 | D:3      | Killed a big kobold
  3439 | D:3      | Reached skill level 5 in Short Blades
  4411 | D:4      | Learned a level 3 spell: Inner Flame
  4414 | D:4      | Noticed Robin
  4421 | D:4      | Killed Robin
  4566 | D:4      | Noticed Menkaure
  4585 | D:4      | Killed Menkaure
  4585 | D:4      | Reached skill level 7 in Crossbows
  4585 | D:4      | Reached XP level 8. HP: 9/43 MP: 10/10
  5012 | D:4      | Found a runed door.
  5353 | D:4      | Got a polished hand axe
  5354 | D:4      | Identified the +7 hand axe "Ytyir" {flame, Stlth+} (You found it on level 4 of the Dungeon)
  5497 | D:4      | Noticed Eustachio
  5510 | D:4      | Killed Eustachio
  5510 | D:4      | Reached skill level 8 in Crossbows
  5664 | D:4      | Noticed Pikel
  5664 | D:4      | Noticed Sigmund
  5724 | D:5      | Entered Level 5 of the Dungeon
  6129 | D:5      | Learned a level 1 spell: Sting
  6158 | D:5      | Reached skill level 9 in Crossbows
  6161 | D:5      | Reached XP level 9. HP: 24/47 MP: 11/11
  6915 | D:5      | Reached skill level 10 in Crossbows
  7084 | D:6      | Reached skill level 10 in Short Blades
  7206 | D:6      | Noticed Edmund
  7232 | D:6      | Killed Edmund
  7267 | D:6      | Found a staircase to the Ecumenical Temple.
  7278 | Temple   | Entered the Ecumenical Temple
  7445 | Temple   | Became a worshipper of Makhleb the Destroyer
  7476 | D:6      | Got a twitching copper ring
  7478 | D:6      | Identified the ring of Ufyme {rPois rF+ Str+3 Stlth-} (You found it on level 6 of the Dungeon)
  7538 | D:6      | Found a basalt altar of Yredelemnul.
  7811 | D:6      | Reached skill level 5 in Hexes
  8015 | D:6      | Acquired Makhleb's first power
  8015 | D:6      | Reached skill level 11 in Crossbows
  8064 | D:6      | Found a bloodstained altar of Trog.
  8274 | D:7      | Reached XP level 10. HP: 39/53 MP: 11/13
  8281 | D:7      | Reached skill level 1 in Stealth
  8652 | D:7      | Found Craidil's Antique Weapon Emporium.
  8749 | D:7      | Acquired Makhleb's second power
  9094 | D:7      | Noticed Crazy Yiuf
  9105 | D:7      | Killed Crazy Yiuf
  9220 | D:7      | Learned a level 4 spell: Enslavement
  9319 | D:8      | Found a flagged portal.
  9357 | Bailey   | Entered a bailey
  9783 | D:8      | Reached skill level 1 in Evocations
  9818 | D:8      | Reached skill level 5 in Fighting
 10285 | D:8      | Acquired Makhleb's third power
 10613 | D:9      | Found a staircase to the Lair.
 10848 | D:9      | Found a shimmering altar of Xom.
 10867 | D:9      | Found an opulent altar of Gozag.
 10869 | D:9      | Found a shattered altar of Ashenzari.
 10966 | D:9      | Reached XP level 11. HP: 66/66 MP: 16/16
 11303 | Lair:1   | Entered Level 1 of the Lair of Beasts
 11554 | Lair:1   | Noticed a five-headed hydra
 11561 | Lair:1   | Killed a five-headed hydra
 12127 | Lair:1   | Reached skill level 5 in Evocations
 12597 | Lair:2   | Acquired Makhleb's fourth power
 12604 | Lair:2   | Noticed a seven-headed hydra
 12694 | Lair:2   | Found a dark tunnel.
 12863 | Lair:2   | Reached skill level 5 in Dodging
 12910 | Lair:2   | Reached XP level 12. HP: 76/76 MP: 11/21
 13160 | Lair:2   | Killed a seven-headed hydra
 13367 | Lair:2   | Noticed a faun
 13378 | Lair:2   | Killed a faun
 13890 | Lair:3   | Acquired Makhleb's fifth power
 13890 | Lair:3   | Reached skill level 10 in Fighting
 14789 | Lair:3   | Upgraded the game from 0.16-a0-3472-g5ce0ac0 to 0.16-a0-3493-gd9d85f0
 15094 | Lair:4   | Noticed a six-headed hydra
 15950 | Lair:4   | Killed a six-headed hydra
 16192 | Lair:4   | Reached skill level 12 in Crossbows
 16725 | Lair:5   | Reached XP level 13. HP: 82/82 MP: 25/25
 17154 | Lair:5   | Reached skill level 10 in Dodging
 17166 | Lair:5   | Found a staircase to the Shoals.
 17362 | Lair:6   | Found a staircase to the Slime Pits.
 17362 | Lair:6   | Found a viscous altar of Jiyva.
 17606 | Lair:6   | Found a staircase to the Snake Pit.
 17689 | Lair:6   | Reached skill level 13 in Crossbows
 18290 | Lair:7   | Noticed Snorg
 19459 | Lair:7   | Killed Snorg
 19459 | Lair:7   | Reached skill level 10 in Evocations
 20196 | Lair:4   | Gained mutation: You are somewhat resistant to further mutation. [potion of mutation]
 20196 | Lair:4   | Gained mutation: Your magical capacity is low (-10% MP). [potion of mutation]
 20196 | Lair:4   | Gained mutation: You have supernaturally acute eyesight. [potion of mutation]
 20387 | Lair:1   | Learned a level 1 spell: Animate Skeleton
 20677 | Lair:8   | Entered Level 8 of the Lair of Beasts
 20687 | Lair:8   | Reached skill level 14 in Crossbows
 21070 | Lair:8   | Reached XP level 14. HP: 88/88 MP: 24/24
 21239 | Lair:8   | Reached skill level 1 in Necromancy
 21391 | Lair:8   | Reached skill level 5 in Stealth
 21692 | Lair:8   | Noticed a fire dragon
 21733 | Lair:8   | Killed a fire dragon
 22189 | Lair:8   | Reached skill level 1 in Armour
 22313 | Lair:8   | Reached skill level 15 in Crossbows
 22640 | Lair:1   | Learned a level 4 spell: Cause Fear
 22663 | D:10     | Entered Level 10 of the Dungeon
 23125 | D:10     | Found Nobak's Magic Scroll Shop.
 23213 | D:10     | Bought a scroll of enchant weapon for 82 gold pieces
 23213 | D:10     | Bought a scroll of immolation for 38 gold pieces
 24925 | D:12     | Found a staircase to the Orcish Mines.
 25417 | Orc:1    | Entered Level 1 of the Orcish Mines
 25421 | Orc:1    | Noticed Duvessa
 25425 | Orc:1    | Noticed Dowan
 25444 | Orc:1    | Killed Dowan
 25465 | Orc:1    | Killed Duvessa
 26183 | Orc:3    | Reached XP level 15. HP: 95/95 MP: 25/25
 26438 | Orc:2    | Noticed Psyche
 26446 | Orc:2    | Killed Psyche
 26453 | Orc:2    | Found Beahomau's Book Emporium.
 26468 | Orc:2    | Bought a book of Hinderance for 280 gold pieces
 27235 | Orc:4    | Entered Level 4 of the Orcish Mines
 27242 | Orc:4    | Found a staircase to the Elven Halls.
 27355 | Orc:4    | Found Duischi Suih's Antique Armour Emporium.
 27370 | Orc:4    | Reached skill level 5 in Armour
 27586 | Orc:4    | Noticed an orc warlord
 27635 | Orc:4    | Killed an orc warlord
 27734 | Orc:4    | Found Saucaud's General Store.
 27762 | Orc:4    | Bought 14 poisoned bolts for 56 gold pieces
 27802 | Orc:4    | Found Twierurph's Antique Weapon Shop.
 28006 | Orc:4    | Found Goceiklu's Jewellery Shop.
 28364 | Orc:4    | Bought the +2 cloak of the Illusory Places {+Blink rElec rC++} for 530 gold pieces
 29016 | D:13     | Got a pair of translucent gloves
 29027 | D:13     | Identified the cursed -5 pair of gloves "Rineuh" {rElec Int-3 SInv Stlth+ Curse} (You found it on level 13 of the Dungeon)
 29201 | D:13     | Found a gate to the Vaults.
 29213 | D:13     | Reached skill level 10 in Stealth
 29562 | D:14     | Found a shimmering altar of Xom.
 29741 | D:14     | Found Suffiv's Distillery.
 29780 | D:14     | Noticed Harold
 29815 | D:14     | Killed Harold
 29820 | D:14     | Bought a potion of heal wounds for 75 gold pieces
 29820 | D:14     | Bought a potion of beneficial mutation for 525 gold pieces
 29820 | D:14     | Bought a potion of heal wounds for 75 gold pieces
 29824 | D:14     | Noticed Sonja
 30014 | D:14     | Killed Sonja
 30105 | D:15     | Entered Level 15 of the Dungeon
 30236 | D:15     | Found Thing's Magic Scroll Emporium.
 30255 | D:15     | Bought a scroll of enchant armour for 105 gold pieces
 30255 | D:15     | Bought a scroll of enchant weapon for 105 gold pieces
 30311 | D:15     | Reached XP level 16. HP: 104/104 MP: 26/26
 30312 | D:15     | Reached skill level 1 in Invocations
 30536 | D:15     | Paralysed by an orc sorcerer for 7 turns
 30598 | D:15     | Paralysed by an orc sorcerer for 3 turns
 30678 | D:15     | Found a staircase to the Depths.
 30938 | D:15     | Upgraded the game from 0.16-a0-3493-gd9d85f0 to 0.16-a0-3496-g6490362
 31466 | Snake:1  | Entered Level 1 of the Snake Pit
 31951 | Snake:1  | Reached skill level 5 in Invocations
 33714 | Snake:3  | Noticed Vashnia
 34159 | Snake:3  | Reached XP level 17. HP: 75/108 MP: 13/27
 34388 | Snake:2  | Killed Vashnia
 34720 | Snake:3  | Reached skill level 10 in Armour
 34794 | Snake:3  | Noticed Agnes
 34804 | Snake:3  | Killed Agnes
 36741 | Snake:5  | Entered Level 5 of the Snake Pit
 36771 | Snake:5  | Reached skill level 10 in Invocations
 39253 | Snake:5  | Reached XP level 18. HP: 114/114 MP: 15/28
 39818 | Snake:5  | Reached skill level 15 in Dodging
 40291 | Snake:5  | Got a serpentine rune of Zot
 40391 | Snake:5  | Reached skill level 10 in Hexes
 41350 | Shoals:1 | Entered Level 1 of the Shoals
 41728 | Shoals:2 | Identified a scroll of acquirement
 41730 | Shoals:2 | Identified a +5 rod of shadows (10/10) (You acquired it on level 2 of the Shoals)
 41782 | Shoals:2 | Noticed Nessos
 41795 | Shoals:2 | Killed Nessos
 41842 | Shoals:2 | Noticed Wiglaf
 41881 | Shoals:2 | Killed Wiglaf
 42006 | Shoals:2 | Noticed Donald
 42019 | Shoals:2 | Killed Donald
 42307 | Shoals:3 | Noticed Nikola
 42326 | Shoals:3 | Killed Nikola
 42382 | Shoals:3 | Found a flickering gateway to a bazaar.
 42389 | Bazaar   | Entered a bazaar
 42389 | Bazaar   | Found Bruy's Magic Scroll Emporium.
 42389 | Bazaar   | Found Pleuxkau's Magic Scroll Shop.
 42390 | Bazaar   | Found Ugaip's Antique Weapon Boutique.
 42395 | Bazaar   | Found Vapsean's Antique Weapon Shoppe.
 42397 | Bazaar   | Found Smookkaf's Jewellery Shoppe.
 42442 | Bazaar   | Bought a scroll of enchant armour for 105 gold pieces
 42442 | Bazaar   | Bought a scroll of enchant weapon for 105 gold pieces
 42442 | Bazaar   | Bought a scroll of enchant armour for 105 gold pieces
 42454 | Bazaar   | Bought a scroll of enchant weapon for 142 gold pieces
 42458 | Bazaar   | Bought an uncursed ring of invisibility for 420 gold pieces
 42458 | Bazaar   | Bought an uncursed amulet of resist corrosion for 280 gold pieces
 42540 | Shoals:3 | Found a frozen archway.
 42596 | IceCv    | Entered an ice cave
 43512 | IceCv    | Reached XP level 19. HP: 122/122 MP: 26/29
 43850 | IceCv    | Identified the Compendium of Shifting Fire
 43875 | IceCv    | Learned a level 5 spell: Cigotuvi's Embrace
 43954 | Shoals:3 | Upgraded the game from 0.16-a0-3496-g6490362 to 0.16-a0-3501-g08befd0
 44456 | Shoals:4 | Reached skill level 15 in Fighting
 44590 | Shoals:4 | Found Fyocvy's Antique Weapon Emporium.
 44668 | Shoals:4 | Reached skill level 1 in Long Blades
 44720 | Shoals:4 | Reached skill level 5 in Necromancy
 45217 | Shoals:5 | Entered Level 5 of the Shoals
 45365 | Shoals:5 | Noticed Rupert
 45515 | Shoals:5 | Killed Rupert
 45541 | Shoals:5 | Identified Tots' Grimoire of Unholy Battle Magic
 45564 | Shoals:5 | Noticed Ilsuiw
 45804 | Shoals:5 | Killed Ilsuiw
 46269 | Shoals:5 | Got a barnacled rune of Zot
 46449 | Shoals:4 | Reached skill level 5 in Long Blades
 47050 | Vaults:1 | Entered Level 1 of the Vaults
 47134 | Vaults:1 | Found Darghoumyu's Food Emporium.
 47446 | Vaults:1 | Found Magiaf's Food Shop.
 47748 | Vaults:1 | Reached XP level 20. HP: 110/129 MP: 18/29
 48485 | Vaults:1 | Found Raufeles' Weapon Emporium.
 48864 | Vaults:1 | Reached skill level 10 in Necromancy
 49109 | Vaults:2 | Noticed Mennas
 49133 | Vaults:2 | Killed Mennas
 49472 | Vaults:2 | Found Kiwnieri's Book Shoppe.
 50549 | Vaults:2 | Reached XP level 21. HP: 97/134 MP: 22/30
 50835 | Vaults:2 | Found a staircase to the Crypt.
 51613 | Vaults:3 | Reached skill level 10 in Long Blades
 52216 | Vaults:3 | Paralysed by a sphinx for 3 turns
 53392 | Orc:1    | Your ally Duvessa died
 54438 | Vaults:4 | Reached skill level 15 in Evocations
 54809 | Vaults:4 | Reached XP level 22. HP: 131/140 MP: 31/32
 55876 | Vaults:4 | Got a bloodstained chain mail
 55887 | Vaults:4 | Identified the +7 chain mail of the Turtle {+Blink +Rage} (You found it on level 4 of the Vaults)
 56245 | Lair:1   | Learned a level 6 spell: Gell's Gravitas
 56463 | Elf:1    | Entered Level 1 of the Elven Halls
 56463 | Elf:1    | Noticed Asterion
 56477 | Elf:1    | Killed Asterion
 56554 | Elf:1    | Reached skill level 1 in Translocations
 56927 | Elf:1    | Noticed Kirke
 56956 | Elf:1    | Your ally Asterion died
 56996 | Elf:1    | Killed Kirke
 57367 | Elf:2    | Found Gymm's Food Boutique.
 57435 | Elf:2    | Found a magical portal.
 57440 | WizLab   | Entered The Chambers of Juabeto the Cloud Mage
 57965 | WizLab   | Identified the Catalogue of the Damaging Birds
 58084 | Elf:2    | Reached skill level 5 in Translocations
 58092 | Elf:2    | Found a runed gate.
 58094 | Elf:2    | Found a runed gate.
 58104 | Elf:2    | Found a runed gate.
 58955 | Elf:2    | Reached XP level 23. HP: 135/144 MP: 31/33
 59377 | Elf:3    | Entered Level 3 of the Elven Halls
 59459 | Elf:3    | Noticed Tux's ghost (mighty SpEn)
 59540 | Elf:3    | Killed Tux's ghost
 60344 | Elf:3    | Got a clouded ivory amulet
 60346 | Elf:3    | Identified the cursed amulet of Xiawomio {Ward rN+ Slay+5} (You took it off a deep elf death mage on level 3 of the Elven Halls)
 60749 | Elf:3    | Got a steaming rapier
 60750 | Elf:3    | Identified the +10 rapier of the Shallot {pierce, rElec rPois} (You took it off a deep elf sorcerer on level 3 of the Elven Halls)
 61097 | Elf:3    | Identified the Catalogue of Moulding (You found it on level 3 of the Elven Halls)
 61151 | Elf:3    | Identified the Almanac of Confrontation and Ignition (You found it on level 3 of the Elven Halls)
 61254 | Elf:3    | Got a pair of distressingly furry gloves
 61265 | Elf:3    | Identified the +1 pair of gloves of Compression {Int+3 Dex+5} (You found it on level 3 of the Elven Halls)
 61278 | Elf:3    | Identified Psaegrul's Papyrus of Boosting Lightness
 61290 | Elf:3    | Upgraded the game from 0.16-a0-3501-g08befd0 to 0.16-a0-3521-gb1b4986
 61729 | Elf:3    | Reached skill level 10 in Translocations
 61865 | Elf:3    | Identified a +2 rod of ignition (13/13) (You took it off a deep elf death mage on level 3 of the Elven Halls)
 62048 | Elf:3    | Noticed Roxanne
 62588 | Lair:1   | Learned a level 2 spell: Repel Missiles
 62875 | Crypt:1  | Entered Level 1 of the Crypt
 63404 | Crypt:1  | Noticed Sojobo
 63528 | Crypt:1  | Killed Sojobo
 63531 | Crypt:1  | Upgraded the game from 0.16-a0-3521-gb1b4986 to 0.16-a0-3532-g139d762
 63801 | Crypt:1  | Reached XP level 24. HP: 62/146 MP: 34/34
 63815 | Crypt:1  | Reached skill level 5 in Spellcasting
 63911 | Crypt:1  | Reached skill level 15 in Long Blades
 64237 | Crypt:1  | Noticed Khufu
 64242 | Crypt:1  | Noticed a greater mummy
 64247 | Crypt:1  | Noticed a greater mummy
 64247 | Crypt:1  | Killed Khufu
 64509 | Crypt:1  | Killed a greater mummy
 64653 | Crypt:1  | Killed a greater mummy
 65994 | Crypt:2  | Upgraded the game from 0.16-a0-3532-g139d762 to 0.16-a0-3533-gc382f62
 66663 | Crypt:2  | Noticed Jory
 66710 | Crypt:2  | Killed Jory
 66863 | Crypt:2  | HP: 3/148 [spectral alligator snapping turtle[a revenant] (28)]
 66863 | Crypt:2  | Demolished by a spectral iron troll

Action                   |  1- 3 |  4- 6 |  7- 9 | 10-12 | 13-15 | 16-18 | 19-21 | 22-24 || total
-------------------------+-------+-------+-------+-------+-------+-------+-------+-------++-------
Melee: Club              |    70 |       |       |       |       |       |       |       ||    70
       Unarmed           |     2 |       |       |       |       |       |       |       ||     2
       Dagger            |     5 |    88 |   333 |   908 |  2665 |  1546 |  2280 |   923 ||  8748
       Short sword       |       |    37 |    19 |       |       |       |       |       ||    56
       Rapier            |       |       |    58 |       |       |       |       |   502 ||   560
       Double sword      |       |       |       |       |       |       |       |   185 ||   185
 Fire: Hand crossbow     |    28 |    95 |   206 |       |       |       |       |       ||   329
       Arbalest          |       |       |       |   110 |   146 |   569 |   531 |   816 ||  2172
       Blowgun           |       |       |       |     3 |     8 |       |       |       ||    11
Throw: Throwing net      |       |       |       |       |       |     5 |    10 |       ||    15
 Cast: Corona            |       |     4 |     7 |     1 |       |       |       |       ||    12
       Slow              |       |     6 |    11 |     9 |       |       |       |       ||    26
       Sting             |       |       |     1 |       |       |       |       |       ||     1
       Enslavement       |       |       |       |     9 |    13 |       |       |       ||    22
       Inner Flame       |       |       |       |     1 |     4 |       |       |       ||     5
       Animate Skeleton  |       |       |       |       |    69 |    54 |    26 |    17 ||   166
       Cause Fear        |       |       |       |       |     3 |     3 |     6 |       ||    12
       Cigotuvi's Embrac |       |       |       |       |       |       |    26 |     9 ||    35
Invok: Greater Servant o |       |       |       |       |       |       |       |     1 ||     1
 Abil: Evoke Invisibilit |       |       |       |     1 |     5 |       |     6 |       ||    12
       Evoke Blink       |       |       |       |       |       |     5 |       |       ||     5
       Evoke Teleportati |       |       |       |       |       |     3 |       |       ||     3
Evoke: Wand              |       |       |     7 |       |       |     4 |     5 |    12 ||    28
       Deck              |       |       |       |     1 |     2 |       |     1 |     3 ||     7
       Rod               |       |       |       |       |    15 |    29 |    43 |    36 ||   123
       Lamp of fire      |       |       |       |       |       |       |     4 |     2 ||     6
       Phantom mirror    |       |       |       |       |       |       |     1 |     1 ||     2
       Phial of floods   |       |       |       |       |       |       |       |     2 ||     2
  Use: Scroll            |     5 |     4 |     8 |    17 |    20 |    18 |    12 |    15 ||    99
       Potion            |       |     1 |     1 |     7 |     4 |     6 |     4 |    10 ||    33
 Stab: Invisible         |       |     7 |       |     2 |    18 |       |    19 |       ||    46
       Sleeping          |       |       |       |    11 |    30 |     5 |    10 |     5 ||    61
       Distracted        |       |       |       |       |     5 |    17 |     6 |     2 ||    30
       Confused          |       |       |       |       |     1 |     1 |       |       ||     2
       Held in net/web   |       |       |       |       |       |     1 |     4 |       ||     5
       Fleeing           |       |       |       |       |       |       |     5 |       ||     5
  Eat: Chunk             |     3 |     4 |    17 |    38 |    61 |    48 |    53 |    37 ||   261
       Pizza             |       |       |     1 |       |       |       |     3 |       ||     4
       Beef jerky        |       |       |       |       |       |     2 |       |     3 ||     5
       Meat ration       |       |       |       |       |       |       |     2 |     2 ||     4
       Royal jelly       |       |       |       |       |       |       |       |     1 ||     1
